 Dungeon Sprint DCSS version 0.30-a0-54-g2e61a25929 (webtiles) character file.

Game seed: 8889007059187502912

2296 Ankalagon the Martial Artist (level 9, 0/86 HPs)
             Began as a Black Draconian Monk on Sept 7, 2022.
             Was an Initiate of Gozag.
             Succumbed to a death drake's foul vapour
             ... in the Dungeon (Sprint II: "The Violet Keep of Menkaure").
             The game lasted 00:08:41 (1100 turns).

Ankalagon the Martial Artist (Black Draconian Monk) Turns: 1100, Time: 00:08:42

Health: 0/86       AC:  7    Str: 14    XL:     9   Next: 17%
Magic:  3/9        EV: 17    Int: 11    God:    Gozag
Gold:   162        SH:  0    Dex: 17    Spells: 8/8 levels left

rFire   . . .      SeeInvis .      - Unarmed
rCold   . . .      Faith    .    (no shield)
rNeg    . . .      Spirit   .    (body armour unavailable)
rPois   .          Reflect  .    (helmet restricted)
rElec   +          Harm     .    (no cloak)
rCorr   .          Rampage  .    (no gloves)
Will    .....      Rage     3%   (no boots)
Stlth   ++++...... NoTele   +    (no amulet)
HPRegen 0.24/turn                (no ring)
MPRegen 0.11/turn                (no ring)

@: lethally poisoned (0 -> -93), gold aura, slowed, very slow
A: breathe lightning, AC +7, unfitting armour, electricity resistance,
cold-blooded, horns 1, berserk 1, subdued magic 1, MP-powered wands
a: Breathe Lightning, Renounce Religion, Potion Petition, Call Merchant, Bribe
Branch


You were in the Dungeon.
You worshipped Gozag.
Gozag was aware of your devotion.
You visited 1 branch You collected 1511 gold pieces.
You spent 1349 gold pieces at shops.

Inventory:

Wands
 h - a wand of mindburst (5)
 i - a wand of quicksilver (4)
Scrolls
 k - a scroll of amnesia
 l - a scroll of fog
Potions
 a - a potion of ambrosia
 b - a potion of curing
 c - 3 potions of heal wounds
 d - a potion of haste
 e - 2 potions of magic
 f - a potion of mutation
 j - a potion of berserk rage
Miscellaneous
 m - a lightning rod (2/4)


   Skills:
 + Level 10.8 Fighting
 + Level 9.1 Dodging
 - Level 8.0 Stealth
 + Level 13.6 Unarmed Combat
 + Level 5.1 Evocations


You had 8 spell levels left.
You didn't know any spells.
Your spell library was empty.

Dungeon Overview and Level Annotations

Branches:
Dungeon (1/1)

Altars:
Cheibriados
Dithmenos
Elyvilon
Fedhas
Gozag
Hepliaklqana
Kikubaaqudgha
Makhleb
Nemelex Xobeh
Okawaru
Qazlal
Ru
Sif Muna
Trog
Uskayaw
Vehumet
Wu Jian
Xom
Yredelemnul
Zin
The Shining One
Jiyva
Lugonu

Shops:
D ??:?[[*=*:!!=(*

Annotations:
D exclusion: oklob plant


Innate Abilities, Weirdness & Mutations

You can breathe wild blasts of lightning.
Your glossy black scales are hard. (AC +7)
You cannot fit into any form of body armour.
You are resistant to electric shocks. (rElec)
You are cold-blooded and may be slowed by cold attacks.
You have a pair of small horns on your head.
You sometimes lose your temper in combat.
Your spells are a little easier to cast, but a little less powerful.
You expend magic power (3 MP) to strengthen your wands.


Message History

Item here: a +0 arbalest.
The floor, spattered with blood.
There is a cloud of foul pestilence here.
Aiming: Quicksilver Bolt
Press: ? - help, Shift-Dir - straight line, f - death drake
Aim: a death drake (foul pestilence, 60% to hit)
You feel a surge of power!
The bolt of dispelling energy hits the death drake!
The death drake is lightly wounded.
The bolt of dispelling energy hits the death drake!!
The death drake is moderately wounded.
You are engulfed in dark miasma.
You are poisoned.
You feel extremely sick. The death drake breathes miasma at you.
The foul vapour misses you.
Aiming: Mindburst
Press: ? - help, Shift-Dir - straight line, f - death drake, p - death drake
Aim: a death drake (lightly wounded, chance to affect: 75%)
You feel a surge of power!
The death drake struggles to resist.
You are engulfed in dark miasma.
You are more poisoned.
You feel yourself slow down.
You feel extremely sick. The death drake breathes miasma at you.
The foul vapour engulfs you!
You are lethally poisoned!
You feel as though you will be slow longer.
The death drake breathes miasma at you. The foul vapour engulfs you!
You are more poisoned.
Press: ? - help, v - describe, . - travel
Here: a death drake (moderately wounded, catching its breath)
The floor.
Unknown command.
Blink to where?
Press: ? - help, Dir - move target, p - death drake
As you read the scroll of blinking, it crumbles to dust.
You die...
Your body crumbles into a pile of gold.

#####~~#+++#+++##
####~~~.........#
...#~~~~.##+##..#$ ..∩#~~~~#
##.#### $ .##. $ .∩.#~~~~# #....#
...# $ ∩.∩#~~### $ ###..## #^.# $
? .∩.#~##.###+###.##..# $+.k# $
∩..#~##..##.##...#..# #.k# # ![
...'~'##.'.<.'.#@').### ^.##.#▓(?
...#~#.#.##.##.).#.○°.###$..##▓▓▓
▓###~##.###'###.##.°§°k.~~$~~~~~~
####~~####...####~~°°°k.~#+######
##~~~#..#..#~~~°°°°§.~#_._._..
#'#~##.#.##~~~§°~~§.~#._._._.
#)#○~##'##~~§≈§≈~~~~~#_._._._
####○○°~°~○~~~≈§≈≈~~~#._._._.
#'''#'°○#~§§§§≈≈≈~#.._._._


You could see 2 death drakes.

Vanquished Creatures
  A merfolk siren (D)
  A yaktaur (D)
  A hornet (D)
  3 polar bears (D)
  4 neqoxecs (D)
  2 water moccasins (D)
  3 necrophages (D)
  A hell rat (D)
16 creatures vanquished.

Vanquished Creatures (others)
  Menkaure (D)
  A necrophage (D)
2 creatures vanquished.

Grand Total: 18 creatures vanquished

Notes
Turn   | Place    | Note
-------+----------+-------------------------------------------
     0 | D        | Ankalagon the Draconian Monk began the quest for the Orb.
     0 | D        | Reached XP level 1. HP: 19/19 MP: 1/1
     1 | D        | Noticed a neqoxec
     1 | D        | Noticed a neqoxec
     1 | D        | Noticed a neqoxec
     1 | D        | Noticed a neqoxec
    11 | D        | Gained mutation: You expend magic power (3 MP) to
                  | strengthen your wands. [a neqoxec]
    13 | D        | Killed a neqoxec
    13 | D        | Gained mutation: You are frail. (-10% HP) [a neqoxec]
    14 | D        | Reached skill level 10 in Unarmed Combat
    14 | D        | Reached XP level 2. HP: 23/23 MP: 2/2
    14 | D        | Reached XP level 3. HP: 27/27 MP: 3/3
    14 | D        | Reached XP level 4. HP: 34/34 MP: 4/4
    18 | D        | Killed a neqoxec
    18 | D        | Gained mutation: You sometimes lose your temper in combat.
                  | [a neqoxec]
    19 | D        | Reached skill level 5 in Fighting
    19 | D        | Reached XP level 5. HP: 43/43 MP: 5/5
    25 | D        | Killed a neqoxec
    26 | D        | Reached skill level 5 in Dodging
    26 | D        | Reached skill level 5 in Stealth
    26 | D        | Reached skill level 11 in Unarmed Combat
    26 | D        | Reached XP level 6. HP: 36/52 MP: 6/6
    27 | D        | Gained mutation: Your spells are a little easier to cast,
                  | but a little less powerful. [a neqoxec]
    28 | D        | Gained mutation: Your magical capacity is low. (-10% MP) [a
                  | neqoxec]
    32 | D        | Gained mutation: You have an uncontrollable temper. [a
                  | neqoxec]
    38 | D        | Killed a neqoxec
    46 | D        | Killed Menkaure
   172 | D        | Found Bovahu's Jewellery Shop.
   172 | D        | Found Saosunk's General Store.
   172 | D        | Found Xuessoh's General Store.
   172 | D        | Found Plog's Book Boutique.
   172 | D        | Found Nemyca's Distillery.
   172 | D        | Found Ustraog's Antique Weapon Boutique.
   173 | D        | Found Elemi's Distillery.
   173 | D        | Found Gokuo's Jewellery Boutique.
   173 | D        | Found Voskuukk's Assorted Antiques.
   174 | D        | Found Ziebisho's Antique Armour Shop.
   174 | D        | Found Viyj's Antique Armour Boutique.
   174 | D        | Noticed a polar bear
   181 | D        | Noticed an ice statue
   190 | D        | Found an opulent altar of Gozag.
   190 | D        | Found an iron altar of Okawaru.
   191 | D        | Found a sparkling altar of Nemelex Xobeh.
   191 | D        | Found a blossoming altar of Fedhas.
   192 | D        | Found a burning altar of Makhleb.
   192 | D        | Found a radiant altar of Vehumet.
   192 | D        | Found a white marble altar of Elyvilon.
   193 | D        | Found a hide-covered altar of Uskayaw.
   193 | D        | Found a corrupted altar of Lugonu.
   193 | D        | Found a shadowy altar of Dithmenos.
   194 | D        | Found a glowing silver altar of Zin.
   194 | D        | Found a bloodstained altar of Trog.
   194 | D        | Found an ancient bone altar of Kikubaaqudgha.
   194 | D        | Found a snail-covered altar of Cheibriados.
   195 | D        | Found a basalt altar of Yredelemnul.
   195 | D        | Found a shimmering blue altar of Sif Muna.
   195 | D        | Found a viscous altar of Jiyva.
   196 | D        | Found a shimmering altar of Xom.
   196 | D        | Found a sacrificial altar of Ru.
   198 | D        | Found a glowing golden altar of the Shining One.
   198 | D        | Found an ornate altar of the Wu Jian Council.
   198 | D        | Found a stormy altar of Qazlal.
   198 | D        | Found a hazy altar of Hepliaklqana.
   205 | D        | Became a worshipper of Gozag Ym Sagoz the Greedy
   280 | D        | Noticed a water moccasin
   292 | D        | Killed a water moccasin
   293 | D        | Your scales start taking on a glossy black colour.
   293 | D        | Reached XP level 7. HP: 53/59 MP: 6/6
   293 | D        | Gained mutation: You are resistant to electric shocks.
                  | (rElec) [Black Draconian growth]
   297 | D        | Noticed a merfolk siren
   315 | D        | Killed a merfolk siren
   316 | D        | Reached skill level 12 in Unarmed Combat
   336 | D        | Reached XP level 8. HP: 54/67 MP: 7/7
   419 | D        | Noticed a slime creature
   421 | D        | Noticed a slime creature
   425 | D        | Found Idwe's Magic Scroll Boutique.
   425 | D        | Noticed an oklob plant
   425 | D        | Noticed a slime creature
   426 | D        | Found Utemuo Boets's Magic Scroll Shop.
   426 | D        | Found Ziykkofo's Magic Scroll Boutique.
   426 | D        | Found Quhef's Book Shoppe.
   436 | D        | Noticed a polar bear
   439 | D        | Bought a potion of mutation for 112 gold pieces
   439 | D        | Bought a potion of mutation for 112 gold pieces
   439 | D        | Lost mutation: You are frail. (-10% HP) [potion of
                  | mutation]
   439 | D        | Lost mutation: Your magical capacity is low. (-10% MP)
                  | [potion of mutation]
   439 | D        | Lost mutation: You have an uncontrollable temper. [potion
                  | of mutation]
   439 | D        | Gained mutation: You have a pair of small horns on your
                  | head. [potion of mutation]
   441 | D        | Noticed a fire dragon
   456 | D        | Bought a tapered bronze wand for 72 gold pieces
   457 | D        | Bought a wand of quicksilver (5) for 231 gold pieces
   458 | D        | Bought a potion of berserk rage for 70 gold pieces
   458 | D        | Bought a potion of heal wounds for 70 gold pieces
   458 | D        | Bought a potion of heal wounds for 70 gold pieces
   474 | D        | Bought a scroll labelled ZYRUBO IPTE for 18 gold pieces
   474 | D        | Bought a scroll labelled BIKHLA XUNADIHI for 18 gold pieces
   474 | D        | Bought a scroll labelled GUOFURO GUNKY for 18 gold pieces
   474 | D        | Bought a scroll labelled GUOFURO GUNKY for 18 gold pieces
   524 | D        | Noticed a flying skull
   526 | D        | Noticed a flying skull
   528 | D        | Noticed a flying skull
   529 | D        | Noticed a flying skull
   529 | D        | Noticed a flying skull
   538 | D        | Noticed a polar bear
   562 | D        | Killed a polar bear
   840 | D        | Noticed a polar bear
   841 | D        | Noticed a yaktaur
   841 | D        | Noticed a hornet
   853 | D        | Killed a hornet
   854 | D        | Reached skill level 13 in Unarmed Combat
   895 | D        | Killed a yaktaur
   896 | D        | Reached skill level 10 in Fighting
  1027 | D        | Bought a lightning rod (4/4) for 540 gold pieces
  1056 | D        | Killed a polar bear
  1057 | D        | Reached XP level 9. HP: 79/86 MP: 9/9
  1064 | D        | Noticed a polar bear
  1065 | D        | Noticed a death drake
  1090 | D        | Killed a polar bear
  1091 | D        | Reached skill level 5 in Evocations
  1091 | D        | Noticed a death drake
  1100 | D        | Succumbed to a death drake's foul vapour

Illustrated notes

Levels and vault maps discovered:
D:        the_violet_keep_of_menkaure [sprint2_stairs_cluster_1,
          sprint2_shoproom, sprint2_temple, sprint2_basic_supplies,
          sprint2_obstacle_2, sprint2_obstacle_6, sprint2_obstacle_1,
          sprint2_obstacle_5, sprint2_obstacle_4, sprint2_timed_cluster_1,
          sprint2_smallroom_cluster_1, sprint2_smallroom_final_cluster_1,
          sprint2_transparent_cluster_1, sprint2_second_timed_cluster_1,
          sprint2_sniper_area_1, sprint2_heavy_combat_area_1,
          sprint2_mutation_trap_area_1, sprint2_forest_area_1,
          sprint2_light_combat_area_1, sprint2_behind_water_1,
          sprint2_near_end_vault_1]

Skill      XL: |  1  2  3  4  5  6  7  8  9 |
---------------+----------------------------+-----
Unarmed Combat | 10 11 12 13 | 13.6
Fighting       | 5 6 7 8 10 | 10.8
Dodging        | 4 5 6 7 8 9 |  9.1
Stealth        | 4 5 6 7 8 |  8.0
Evocations     | 4 5 |  5.1

Action                   |  1- 3 |  4- 6 |  7- 9 || total
-------------------------+-------+-------+-------++-------
Melee: Unarmed           |    10 |    32 |    34 ||    76
       Tailslap          |       |     3 |     4 ||     7
       Punch             |       |     2 |     5 ||     7
       Headbutt          |       |       |     1 ||     1
 Abil: Breathe Lightning |       |       |     6 ||     6
Evoke: Lightning rod     |       |       |     7 ||     7
       Wand              |       |       |     4 ||     4
  Use: Potion            |     1 |       |     1 ||     2
       Scroll            |       |       |     3 ||     3
 Stab: Sleeping          |       |       |     1 ||     1
Armor: Skin              |     1 |     3 |     7 ||    11
Dodge: Dodged            |     2 |    11 |    27 ||    40

Table legend: (Time is in decaauts)
 A = Elapsed time spent in this place.
 B = Non-inter-level travel time spent in this place.
 C = Inter-level travel time spent in this place.
 D = Time resting spent in this place.
 E = Time spent auto-exploring this place.
 F = Levels seen in this place.
 G = Mean time per level.
                   A        B        C        D        E       F      G
               +--------+--------+--------+--------+--------+-----+--------+
         Total |   1131 |   1127 |      4 |    665 |      0 |   1 | 1131.0 |
       Dungeon |   1131 |   1127 |      4 |    665 |      0 |   1 | 1131.0 |
               +--------+--------+--------+--------+--------+-----+--------+

Top non-repeatable levels by time:
       D: 1131 daAuts
